AoeStats
← wwmracer1982

Northern Isles

510725596Analyzed
1v1 RM · 2d ago on Oct 2, 2026· 21m 12s· 2 players
Game mode
Random Map
Map size
Tiny (2 player)
Population
200
Speed
Normal
Resources
Standard
Victory
Conquest
Starting age
Dark Age
Ending age
Imperial Age
RankedLock teamsTeams togetherTeam positionsShared explorationLock speedFull tech treeHidden civsTurbo modeCheats
Victory
Defeat
🇩🇪 Portuguese · Germany
805
+17
🇯🇵 Japanese · Japan
833
-17
wwmracer1982
0:29 Loom
13:28 Feudal Age
14:20 Man-at-Arms
14:45 Arson
15:47 Wheelbarrow
15:11 Fishing Lines
17:02 Town Watch
17:52 Forging
18:59 Fletching
19:10 Padded Archer Armor
buhhhhhhhhhh
9:41 Loom
11:26 Feudal Age
15:35 Double-Bit Axe
23:37 Castle Age
Connection lost

Rejoining the realm…

Still unreachable

The connection could not be restored.

Session expired

The server has moved on; the page needs a fresh start.